 Dungeon Crawl Stone Soup version 0.29.1-1-gd02db6906a (webtiles) character file.

Game seed: 4466207574237660097

56 styxcanada the Sneak (level 3, 0/18 HPs)
             Began as a Spriggan Brigand on Oct 5, 2022.
             Slain by a goblin
             ... wielding a +0 club
              (2 damage)
             ... on level 2 of the Dungeon.
             The game lasted 00:04:01 (1341 turns).

styxcanada the Sneak (Spriggan Brigand)             Turns: 1341, Time: 00:04:01

Health: 0/18       AC:  3    Str:  7    XL:     3   Next: 69%
Magic:  4/4        EV: 17    Int: 12    God:
Gold:   57         SH:  0    Dex: 18    Spells: 2/2 levels left

rFire   . . .      SeeInvis +   a - +2 dagger
rCold   . . .      Faith    .   (no shield)
rNeg    . . .      Spirit   .   b - +0 robe
rPois   .          Reflect  .   (helmet restricted)
rElec   .          Harm     .   c - +0 cloak
rCorr   .          Rampage  .   (gloves unavailable)
Will    .....                   (boots unavailable)
Stlth   ++++......              (no amulet)
HPRegen 0.06/turn               (no ring)
MPRegen 0.09/turn               (no ring)

@: very quick
A: very small, no large weapons, unfitting armour, see invisible, speed 3
a: no special abilities


You were on level 2 of the Dungeon.
You visited 1 branch of the dungeon, and saw 2 of its levels.

You collected 57 gold pieces.

Inventory:

Hand Weapons
 a - a +2 dagger (weapon)
 j - a +0 sling
Missiles
 k - 10 stones (quivered)
Armour
 b - a +0 robe (worn)
 c - a +0 cloak (worn)
Scrolls
 f - a scroll of vulnerability {unknown}
 g - a scroll of enchant armour {unknown}
 h - 3 scrolls of poison {unknown}
 i - a scroll of identify {unknown}
 l - a scroll of fear {unknown}
 m - a scroll of immolation {unknown}


   Skills:
 * Level 1.9 Fighting
 + Level 2.3 Short Blades
 + Level 2.1 Throwing
 * Level 1.9 Dodging
 * Level 7.5 Stealth


You had 2 spell levels left.
You didn't know any spells.
Your spell library was empty.

Dungeon Overview and Level Annotations

Branches:
Dungeon (2/15)

Altars:


Innate Abilities, Weirdness & Mutations

You are very small and have problems with some larger weapons.
You are too small for most types of armour.
You have supernaturally acute eyesight. (SInv)
You cover ground extremely quickly. (Speed+++)


Message History

The adder bites you.
You are poisoned.
The adder poisons you!
You hit the adder.
The adder is almost dead.
You feel sick. The adder closely misses you. The adder misses you.
You hit the adder.
You kill the adder!
You feel sick.
You completely miss the adder.
You feel sick. The adder misses you.
You hit the adder.
The adder is moderately wounded.
You feel sick. The adder closely misses you. The adder misses you.
You hit the adder.
The adder is severely wounded.
You feel sick. The adder misses you.
You closely miss the adder.
The adder is severely wounded.
You feel sick. The adder completely misses you.
You barely miss the adder.
The adder is severely wounded.
You feel sick.
You are no longer poisoned.
The adder bites you but does no damage.
You miss the adder.
The adder is severely wounded.
The adder closely misses you.
You hit the adder.
The adder is almost dead.
The adder misses you.
You hit the adder.
You kill the adder!
You hit the ball python.
You kill the ball python!
The goblin hits you with a +0 club.
* * * LOW HITPOINT WARNING * * *
Things that are here:
2 poisoned darts; a ball python corpse; an adder corpse You closely miss the goblin.
The goblin hits you with a +0 club.
You die...

##.....##..
##..<.[..>...
#............
######.......#.#
#
#..............#
.#
#.####.......#.#
.###
##[....##.#....#
##...###.#....#.
##...@g(.(#....
######........
#........#?.#
#.###........
##.#.#..# .#.#
.# .# # # ##


You could see a goblin.

Vanquished Creatures
  4 adders (D:2)
  A ball python (D:2)
  An endoplasm (D:1)
  4 goblins (D:1)
  4 hobgoblins
  A quokka (D:1)
  2 bats (D:1)
  A kobold (D:1)
18 creatures vanquished.

Notes
Turn   | Place    | Note
-------+----------+-------------------------------------------
     0 | D:1      | styxcanada the Spriggan Brigand began the quest for the
                  | Orb.
     0 | D:1      | Reached XP level 1. HP: 10/10 MP: 2/2
   216 | D:1      | Reached skill level 6 in Stealth
   757 | D:1      | Reached XP level 2. HP: 14/15 MP: 3/3
  1322 | D:2      | Reached skill level 7 in Stealth
  1326 | D:2      | Reached XP level 3. HP: 14/18 MP: 4/4
  1341 | D:2      | Slain by a goblin

Illustrated notes

Levels and vault maps discovered:
D:1:      evilmike_arrival_crescent, layout_loops_corners, minmay_hedge_maze,
          chequers_serial_rivers_micro_d, hangedman_decor_opposing
D:2:      layout_loops_ring

Skill      XL: |  1  2 |
---------------+-------+-----
Stealth        | 6 7 |  7.5
Fighting       | |  1.9
Short Blades   | |  2.3
Throwing       | |  2.1
Dodging        | |  1.9

Action                   || total
-------------------------++-------
Melee: Dagger            ||    52
Throw: Dart              ||    12
       Stone             ||     1
 Stab: Sleeping          ||     4
Armor: Robe              ||     6
Dodge: Dodged            ||    44
